 Dungeon Crawl Stone Soup version 0.30.0-18-gc0e69614cb (webtiles) character file.

Game seed: 8065940301154528810

406 ShadowPriest the Chopper (level 6, -2/53 HPs)
             Began as a Hill Orc Fighter on May 25, 2023.
             Was an Initiate of Ashenzari.
             Slain by an ogre
             ... wielding a +0 giant club
              (15 damage)
             ... on level 4 of the Dungeon.
             The game lasted 00:24:27 (2568 turns).

ShadowPriest the Chopper (Hill Orc Fighter)         Turns: 2568, Time: 00:24:28

Health: -2/53      AC:  9    Str: 21    XL:     6   Next: 87%
Magic:  6/6        EV:  8    Int:  8    God:    Ashenzari [......]
Gold:   146        SH:  4    Dex: 10    Spells: 5/5 levels left

rFire   + . .        a - +1 war axe
rCold   x . .        c - +0 buckler
rNeg    . . .        f - +0 chain mail
rPois   .            (no helmet)
rElec   .            (no cloak)
rCorr   .            (no gloves)
SInv    +            h - +0 pair of boots
Will    .....        m - amulet of faith Stlth
                     i - +4 ring of slaying
HPRegen 0.28/turn    l - ring of fire
MPRegen 0.10/turn

%: faith
@: no status effects
A: iridescent scales 1, see invisible, deformed body
a: Renounce Religion, Curse Item


You were on level 4 of the Dungeon.
You worshipped Ashenzari.
Ashenzari was noncommittal.
You visited 1 branch of the dungeon, and saw 4 of its levels.

You collected 146 gold pieces.

Inventory:

Hand Weapons
 a - a +1 war axe (weapon)
Missiles
 g - 6 poisoned darts (quivered)
Armour
 b - a +0 scale mail
 c - a +0 buckler (worn)
 f - a +0 chain mail (worn)
 h - a +0 pair of boots (worn)
Jewellery
 i - a +4 ring of slaying (left hand)
 l - a ring of fire (right hand)
 m - an amulet of faith (around neck)
 q - an amulet of regeneration
Scrolls
 j - a scroll of fog
 n - a scroll of blinking
Potions
 k - a potion of brilliance
 o - 2 potions of invisibility
 p - 3 potions of lignification
 r - a potion of curing
 s - a potion of flight


   Skills:
 + Level 4.7 Fighting
 + Level 5.8 Axes
 + Level 5.3 Armour
 + Level 0.6 Dodging
 + Level 0.5 Stealth
 + Level 4.3 Shields


You had 5 spell levels left.
You didn't know any spells.
Your spell library contained the following spells:

 Spells                   Type           Power      Damage    Failure   Level
 Vhi's Electric Charge    Tloc/Air       0%         N/A       100%        3
 Arcjolt                  Conj/Air       0%         1d10      100%        5
 Maxwell's Capacitive Co  Air            0%         ∞         100%        8


Dungeon Overview and Level Annotations

Branches:
Dungeon (4/15)
 Temple: D:4-7

Altars:
Ashenzari


Innate Abilities, Weirdness & Mutations

You are partially covered in iridescent scales. (AC +2)
You have supernaturally acute eyesight. (SInv)
Armour fits poorly on your strangely shaped body.


Message History

The ball python grabs you. The ball python constricts you.
The gnoll hits you with a +0 whip. You block the gnoll's attack.
The gnoll barely misses you. The gnoll hits you with a +0 flail.
There is a stone staircase leading up, spattered with blood here.
You hit the gnoll.
The gnoll is lightly wounded.
You barely miss the ball python. You barely miss the gnoll.
You hit the gnoll but do no damage. You hit the gnoll.
The ball python bites you but does no damage.
The ball python constricts you. The gnoll hits you with a +0 flail.
The gnoll hits you with a +0 club. The gnoll hits you with a +0 whip.
You block the gnoll's attack. The ball python bites you.
The ball python constricts you.
You barely miss the ball python. You slash the gnoll!
You closely miss the gnoll. You barely miss the gnoll. You slash the gnoll!
You kill the gnoll!
The gnoll hits you but does no damage. x2; The gnoll hits you with a +0 flail.
The ball python bites you but does no damage.
The ball python constricts you.
You hit the ball python.
You kill the ball python!
You closely miss the gnoll. You slash the gnoll! You hit the gnoll.
The gnoll completely misses you. The gnoll hits you with a +0 club.
The gnoll barely misses you. x2; The gnoll completely misses you.
The gnoll barely misses you. The gnoll attacks as you move away!
The gnoll hits you with a +0 flail!
* * * LOW HITPOINT WARNING * * *
The gnoll barely misses you. The gnoll closely misses you.
You see here a ball python corpse.
You slash the gnoll!
You kill the gnoll!
You hit the gnoll.
You kill the gnoll!
You hit the gnoll.
You kill the gnoll!
p - 3 potions of lignification (gained 1)
An ogre comes into view. It is wielding a +0 giant club.
The ogre shouts!
The ogre hits you with a +0 giant club!
You die...

#.# #.# #.# #.#
######.######## #..
#.............#
+...+.............#
#...#....)†.......#
#...#.÷.)<@.......#
#...#...[..O......#
#................#
#................########
#........................
#........................
#........................
#........................
#........................


You could see an ogre.

Vanquished Creatures
  A phantom (D:3)
  A scorpion (D:3)
  Terence (D:2)
  An orc wizard (D:3)
  7 adders
  7 gnolls
  2 worms
  2 dart slugs
  3 orcs
  9 ball pythons
  7 endoplasms
  4 giant cockroaches
  8 goblins
  2 hobgoblins
  5 jackals
  2 quokkas
  7 bats
  7 frilled lizards
  10 kobolds
86 creatures vanquished.

Vanquished Creatures (others)
  An endoplasm (D:2)
1 creature vanquished.

Grand Total: 87 creatures vanquished

Notes
Turn   | Place    | Note
-------+----------+-------------------------------------------
     0 | D:1      | ShadowPriest the Hill Orc Fighter began the quest for the
                  | Orb.
     0 | D:1      | Reached XP level 1. HP: 19/19 MP: 1/1
   288 | D:1      | Reached XP level 2. HP: 27/27 MP: 2/2
  1054 | D:2      | Reached XP level 3. HP: 33/33 MP: 3/3
  1064 | D:2      | Found a broken altar of Ashenzari.
  1089 | D:2      | Became a worshipper of Ashenzari the Shackled
  1267 | D:2      | Reached XP level 4. HP: 34/40 MP: 4/4
  1304 | D:2      | Noticed Terence
  1330 | D:2      | Killed Terence
  1465 | D:2      | Reached XP level 5. HP: 43/46 MP: 5/5
  1683 | D:3      | Gained mutation: You are clumsy. (Dex -2) [potion of
                  | mutation]
  1683 | D:3      | Gained mutation: Your skin changes colour to match your
                  | surroundings (Stealth+). [potion of mutation]
  1683 | D:3      | Gained mutation: You are covered in fur. (AC +1) [potion of
                  | mutation]
  2060 | D:3      | Lost mutation: You are clumsy. (Dex -2) [potion of
                  | mutation]
  2060 | D:3      | Lost mutation: Your skin changes colour to match your
                  | surroundings (Stealth+). [potion of mutation]
  2060 | D:3      | Gained mutation: You passively map a small area around you.
                  | [potion of mutation]
  2060 | D:3      | Gained mutation: Armour fits poorly on your strangely
                  | shaped body. [potion of mutation]
  2060 | D:3      | Gained mutation: You have supernaturally acute eyesight.
                  | (SInv) [potion of mutation]
  2244 | D:3      | Noticed a phantom
  2254 | D:3      | Killed a phantom
  2255 | D:3      | Reached skill level 5 in Axes
  2255 | D:3      | Reached skill level 5 in Armour
  2255 | D:3      | Reached XP level 6. HP: 47/53 MP: 6/6
  2491 | D:4      | Lost mutation: You are covered in fur. (AC +1) [potion of
                  | mutation]
  2491 | D:4      | Lost mutation: You passively map a small area around you.
                  | [potion of mutation]
  2491 | D:4      | Gained mutation: You are partially covered in iridescent
                  | scales. (AC +2) [potion of mutation]
  2491 | D:4      | Gained mutation: You possess an exceptional clarity of
                  | mind. [potion of mutation]
  2491 | D:4      | Gained mutation: You have a pair of small horns on your
                  | head. [potion of mutation]
  2492 | D:4      | Lost mutation: You have a pair of small horns on your head.
                  | [potion of mutation]
  2492 | D:4      | Lost mutation: You are partially covered in iridescent
                  | scales. (AC +2) [potion of mutation]
  2492 | D:4      | Lost mutation: You possess an exceptional clarity of mind.
                  | [potion of mutation]
  2492 | D:4      | Gained mutation: You are partially covered in iridescent
                  | scales. (AC +2) [potion of mutation]
  2568 | D:4      | Slain by an ogre

Illustrated notes

Levels and vault maps discovered:
D:1:      onia_arrival_mini_spirals, layout_loops_ring,
          chequers_serial_rivers_small_b
D:2:      minmay_wonky_spiral, layout_basic, basic_altar, minmay_crystal_room,
          minmay_pentomino_w2, uniq_terence
D:3:      layout_rooms, minmay_starry_boxes
D:4:      layout_basic, serial_shops, nicolae_shop_advertising_works
          [nicolae_subvault_shop_adworks]

Skill      XL: |  1  2  3  4  5  6 |
---------------+-------------------+-----
Fighting       | 4 |  4.7
Axes           | 3 4 5 |  5.8
Armour         | 4 5 |  5.3
Shields        | 4 |  4.3
Dodging        | |  0.6
Stealth        | |  0.5

Action                     |  1- 3 |  4- 6 || total
---------------------------+-------+-------++-------
  Melee: War axe           |    56 |    86 ||   142
    Use: Scroll            |     7 |     8 ||    15
         Potion            |     1 |     8 ||     9
 Armour: Scale mail        |     3 |       ||     3
         Chain mail        |    37 |    78 ||   115
  Dodge: Dodged            |    16 |    58 ||    74
  Block: Buckler           |     8 |    41 ||    49
